 Dungeon Crawl Stone Soup version 0.23-a0-703-gdf2d5e0 (webtiles) character file.

2459 zishaf the Geomancer (level 9, -8/78 HPs)
             Began as a Deep Dwarf Earth Elementalist on Jan 14, 2019.
             Killed from afar by a gargoyle (16 damage)
             ... with a stone arrow
             ... in the Ecumenical Temple.
             The game lasted 00:17:59 (6044 turns).

zishaf the Geomancer (DDEE)                         Turns: 6044, Time: 00:17:59

Health: -8/78      AC: 12    Str: 15    XL:     9   Next: 26%
Magic:  9/10       EV: 11    Int: 16    God:
Gold:   382        SH:  4    Dex: 13    Spells: 5/11 levels left

rFire    . . .     SeeInvis .   a - +2 war axe (freeze)
rCold    . . .     Gourm    .   s - +0 buckler
rNeg     + . .     Faith    .   y - +0 pearl dragon scales
rPois    +         Spirit   .   (no helmet)
rElec    .         Reflect  .   (no cloak)
rCorr    .         Harm     .   (no gloves)
MR       ++...                  (no boots)
Stlth    +.........             (no amulet)
HPRegen  0.00/turn              g - ring of protection from magic
MPRegen  0.12/turn              u - ring of poison resistance

@: non-regenerating
A: damage resistance, heal wounds, sense surroundings 2, no regeneration
a: Heal Wounds


You were in the Ecumenical Temple.
You were very hungry.

You visited 2 branches of the dungeon, and saw 8 of its levels.

You collected 382 gold pieces.

Inventory:

Hand Weapons
 a - a +2 war axe of freezing (weapon)
Missiles
 b - 75 stones (quivered)
Armour
 f - a +0 leather armour
 r - a +0 ring mail
 s - a +0 buckler (worn)
 y - +0 pearl dragon scales (worn)
Jewellery
 g - a ring of protection from magic (left hand)
 l - an uncursed ring of poison resistance
 u - a ring of poison resistance (right hand)
Wands
 p - a wand of acid (7)
Scrolls
 i - a scroll of noise {unknown}
 n - 3 scrolls of teleportation
 o - a scroll of fog
 t - a scroll of blinking {unknown}
 x - a scroll of remove curse
 z - a scroll of immolation {unknown}
 A - a scroll of amnesia
 C - a scroll of torment {unknown}
Potions
 c - a potion of cancellation {unknown}
 e - 3 potions of lignification
 k - a potion of berserk rage {unknown}
 m - 2 potions of flight
 v - a potion of brilliance
 w - 4 potions of curing
 B - a potion of mutation
 D - a potion of resistance {unknown}
Comestibles
 d - 10 rations
 h - 4 chunks of flesh


   Skills:
 - Level 4.2 Fighting
 + Level 5.7 Axes
 + Level 6.0 Armour
 - Level 6.0 Dodging
 - Level 4.0 Stealth
 + Level 3.0 Shields
 - Level 1.7 Spellcasting
   Level 0.8 Transmutations
 - Level 8.1 Earth Magic


You had 5 spell levels left.
You knew the following spells:

 Your Spells              Type           Power        Failure   Level  Hunger
a - Sandblast             Erth           ####..       4%          1    ##.....
b - Lee's Rapid Deconstr  Erth           ####......   73%         5    ######.

Your spell library contained the following spells:

 Spells                   Type           Power        Failure   Level  Hunger
 Passwall                 Tmut/Erth      ###.....     26%         2    ###....
 Stone Arrow              Conj/Erth      ##....       52%         3    ####...
 Magic Dart               Conj           #...         73%         1    ##.....
 Searing Ray              Conj           #.....       86%         2    ###....
 Petrify                  Tmut/Erth      ###.....     86%         4    #####..
 Dazzling Spray           Conj/Hex       #.....       97%         3    ####...
 Force Lance              Conj/Tloc      #.......     100%        4    #####..
 Fulminant Prism          Conj/Hex       #.........   100%        4    #####..
 Iskenderun's Mystic Bla  Conj           #.......     100%        4    #####..


Dungeon Overview and Level Annotations

Branches:
Dungeon (7/15)             Temple (1/1) D:7

Altars:
Dithmenos
Gozag
Ru
Uskayaw
Vehumet
Zin

Annotations:
D:3 2 transporters, howech's ghost, amateur OpVM
D:4 2 transporters, barkas's ghost, amateur DrFi


Innate Abilities, Weirdness & Mutations

You are resistant to damage.
You can heal yourself by infusing magical energy.
You passively map the area around you.
You do not regenerate.


Message History

The gargoyle is lightly damaged.
b - 76 stones The gargoyle barely misses you.
The gargoyle barely misses you.
There is a staircase to the Ecumenical Temple, spattered with blood here.
The gargoyle hurls a stone arrow at you.
The stone arrow hits you!
* * * LOW HITPOINT WARNING * * *
You climb downwards.
Welcome to the Ecumenical Temple!
There is a staircase back to the Dungeon here.
Casting: Sandblast (safe; 4% risk of failure)
Confirm with . or Enter, or press ? or * to list all spells.
Aiming: Sandblast (safe; 4% risk of failure)
Press: ? - help, Shift-Dir - straight line, f - gargoyle
Aim: a gargoyle, wielding a +0 dire flail (lightly damaged)
The blast of sand misses the gargoyle.
b - 75 stones The gargoyle hurls a stone arrow at you.
The stone arrow hits you!
You die...

≈ ≈ ≈ ≈ ≈≈ ≈
≈≈≈≈≈≈≈≈≈≈≈≈≈≈≈≈
≈≈ ≈
≈≈≈≈≈≈≈≈≈≈≈≈≈≈≈≈ ≈
≈≈≈≈≈≈≈≈≈≈≈≈≈≈≈ ≈
≈ ≈≈≈≈≈≈≈≈≈≈≈≈≈≈≈
≈ ≈
≈≈≈≈≈≈≈≈≈≈≈≈≈≈≈ ≈
≈≈
...............,≈
≈ ,...............
≈ ≈ ≈
.⌠.....@.....⌠. ≈≈
≈ ≈
,,......9........,
≈ ≈ ≈
............... ≈
≈≈≈
≈≈≈≈≈.....≈≈≈≈≈ ≈
≈≈ ≈≈≈≈≈≈...≈≈≈≈≈≈
≈≈≈≈≈≈≈...≈≈≈≈≈≈ ≈
≈ ≈≈≈≈≈≈...≈≈≈≈≈≈
≈≈ ≈ ≈
≈≈≈≈≈≈...≈≈≈≈≈≈ ≈
≈ ≈ ≈≈≈≈≈, , ≈≈≈


You could see a gargoyle.

Vanquished Creatures
  Grinder (D:3)
  Edmund (D:5)
  A hornet zombie (D:5)
  2 black bears
  A necrophage (D:6)
  An orc warrior (D:5)
  An ice beast (D:5)
  4 ogres
  2 centaurs
  Blork the orc (D:5)
  A bullfrog (D:6)
  2 scorpions
  2 howler monkeys
  2 crimson imps
  A bullfrog zombie (D:6)
  A hound (D:5)
  5 orc wizards
  An orc priest (D:7)
  2 iguanas
  Natasha (thrice) (D:3)
  3 worker ants
  A hound skeleton (D:5)
  10 gnolls
  4 adders
  A shadow imp (D:6)
  An ooze (D:2)
  2 adder skeletons
  3 worms
  A dart slug (D:1)
  6 leopard geckos
  23 orcs
  10 giant cockroaches
  6 goblins
  11 hobgoblins
  4 jackals
  4 kobolds
  2 quokkas
  2 ball pythons
  12 bats
  5 frilled lizards
  A leopard gecko skeleton (D:5)
  29 rats
176 creatures vanquished.

Notes
Turn   | Place    | Note
-------+----------+-------------------------------------------
     0 | D:1      | zishaf the Deep Dwarf Earth Elementalist began the quest
                  | for the Orb.
     0 | D:1      | Reached XP level 1. HP: 15/15 MP: 3/3
    62 | D:1      | Reached XP level 2. HP: 20/22 MP: 0/4
   439 | D:1      | Reached XP level 3. HP: 26/28 MP: 2/5
  1296 | D:2      | Reached skill level 5 in Earth Magic
  1324 | D:2      | Reached XP level 4. HP: 33/36 MP: 3/6
  1705 | D:2      | Found a radiant altar of Vehumet.
  2100 | D:3      | Noticed howech's ghost (amateur OpVM)
  2101 | D:3      | Found a transporter.
  2103 | D:3      | Noticed an ogre
  2104 | D:3      | Noticed an ogre
  2156 | D:3      | Noticed Natasha
  2160 | D:3      | Killed Natasha
  2170 | D:3      | Reached XP level 5. HP: 27/42 MP: 0/7
  2361 | D:3      | Noticed Grinder
  2361 | D:3      | Paralysed by Grinder for 2 turns
  2474 | D:3      | Noticed Natasha
  2479 | D:3      | Killed Natasha
  2479 | D:3      | Reached skill level 6 in Earth Magic
  2522 | D:3      | Noticed Natasha
  2528 | D:3      | Killed Natasha
  2581 | D:3      | Killed Grinder
  2581 | D:3      | Reached skill level 5 in Dodging
  2581 | D:3      | Reached skill level 7 in Earth Magic
  2581 | D:3      | Reached XP level 6. HP: 27/49 MP: 0/7
  2782 | D:2      | Learned a level 5 spell: Lee's Rapid Deconstruction
  3121 | D:3      | Found a transporter.
  3152 | D:3      | Reached XP level 7. HP: 56/56 MP: 6/8
  3327 | D:4      | Noticed a +0 hand axe
  3327 | D:4      | Noticed a +0 dagger
  3328 | D:4      | Found a hide-covered altar of Uskayaw.
  3433 | D:4      | Reached skill level 1 in Armour
  3480 | D:4      | Reached skill level 1 in Fighting
  3526 | D:4      | Found a transporter.
  3526 | D:4      | Noticed barkas's ghost (amateur DrFi)
  3527 | D:4      | Identified the +9 great mace of the Feather {venom, MR+}
  3532 | D:4      | Found a transporter.
  4088 | D:5      | Entered Level 5 of the Dungeon
  4120 | D:5      | Noticed Edmund
  4138 | D:5      | Reached skill level 1 in Axes
  4151 | D:5      | Killed Edmund
  4151 | D:5      | Reached skill level 8 in Earth Magic
  4315 | D:5      | Reached XP level 8. HP: 61/68 MP: 4/9
  4416 | D:5      | Noticed Blork the orc
  4543 | D:5      | Found a sacrificial altar of Ru.
  4842 | D:5      | Killed Blork the orc
  5177 | D:6      | Reached skill level 5 in Armour
  5476 | D:6      | Found a glowing silver altar of Zin.
  5477 | D:6      | Found an opulent altar of Gozag.
  5561 | D:6      | Reached skill level 1 in Shields
  5570 | D:6      | Reached skill level 5 in Axes
  5570 | D:6      | Gained mutation: You passively map the area around you.
                  | [Deep Dwarf growth]
  5570 | D:6      | Reached XP level 9. HP: 48/78 MP: 6/10
  5836 | D:7      | Found a shadowy altar of Dithmenos.
  5950 | D:7      | Found a staircase to the Ecumenical Temple.
  6021 | D:7      | Noticed a gargoyle
  6043 | Temple   | Entered the Ecumenical Temple
  6044 | Temple   | Killed from afar by a gargoyle

Vault maps used:
D:1:      roderic_dead_forest
D:2:      fiery_altar_vehumet, first_ration, minmay_misc_feat_diagonals,
          minmay_rat_hole
D:3:      gammafunk_ghost_smash, kennysheep_nub, uniq_grinder, uniq_natasha
D:4:      dancing_weapons_uskayaw, gammafunk_ghost_smash, minmay_starry_boxes
D:5:      nicolae_ru_great_annihilating_truth, uniq_blork_the_orc, uniq_edmund
D:6:      grunt_temple_overflow_gold_and_silver, serial_corexii_hall,
          corexii_hall_statues_x, chequers_hall_statues_corner_a
D:7:      grunt_dithmenos_smoke_and_mirrors, minmay_temple_entry_glass,
          palyth_stone_intersect, kennysheep_generic_room_4
Temple:   minmay_temple_bridge_abc

Skill      XL: |  1  2  3  4  5  6  7  8  9 |
---------------+----------------------------+-----
Stealth        | 3 4 |  4.0
Dodging        | 3 5 6 |  6.0
Earth Magic    | 5 7 8 |  8.1
Armour         | 2 5 6 |  6.0
Fighting       | 2 4 |  4.2
Axes           | 2 5 |  5.7
Shields        | 1 3 |  3.0
Spellcasting   | |  1.7
Transmutations | |  0.8

Action                   |  1- 3 |  4- 6 |  7- 9 || total
-------------------------+-------+-------+-------++-------
Melee: Short sword       |    11 |       |       ||    11
       Dagger            |    19 |    95 |       ||   114
       War axe           |       |       |   116 ||   116
 Cast: Sandblast         |    53 |    69 |   105 ||   227
 Abil: Heal Wounds       |       |     2 |     4 ||     6
  Use: Scroll            |       |       |    15 ||    15
       Potion            |       |       |     2 ||     2
 Stab: Sleeping          |     1 |       |       ||     1
       Distracted        |       |     2 |       ||     2
  Eat: Chunk             |     2 |     8 |    10 ||    20
Armor: Robe              |     4 |       |       ||     4
       Leather armour    |     3 |    16 |       ||    19
       Ring mail         |       |     8 |       ||     8
       Pearl dragon scal |       |       |    91 ||    91
Dodge: Dodged            |    22 |    50 |   103 ||   175
Block: Buckler           |       |       |    14 ||    14

Table legend:
 A = Non-vault XP
 B = Vault XP
 C = Vault XP percentage of total XP
 D = Non-vault monster count
 E = Vault monster count
 F = Vault count percentage of total count
                 A         B        C        D         E       F
            +---------+---------+-------+---------+---------+-------
      Total |    2823 |     691 |  19.7 |     146 |      30 |  17.0
            +---------+---------+-------+---------+---------+-------
        D:1 |      51 |       0 |   0.0 |      29 |       0 |   0.0
        D:2 |      82 |      20 |  19.6 |      17 |      19 |  52.8
        D:3 |     277 |     314 |  53.1 |      39 |       2 |   4.9
        D:4 |     186 |      40 |  17.7 |      10 |       3 |  23.1
        D:5 |    1041 |     317 |  23.3 |      18 |       6 |  25.0
        D:6 |     715 |       0 |   0.0 |      21 |       0 |   0.0
        D:7 |     471 |       0 |   0.0 |      12 |       0 |   0.0
            +---------+---------+-------+---------+---------+-------
